 Dungeon Crawl Stone Soup version 0.28-a0-245-g639a1a48b9 (webtiles) character file.

Game seed: 4713203913378280147

140 siradein the Shield-Bearer (level 5, 0/46 HPs)
             Began as a Deep Dwarf Fighter on Aug 25, 2021.
             Slain by an iguana (9 damage)
             ... on level 3 of the Dungeon.
             The game lasted 00:05:15 (1758 turns).

siradein the Shield-Bearer (Deep Dwarf Fighter)     Turns: 1758, Time: 00:05:15

Health: 0/46       AC:  6    Str: 20    XL:     5   Next: 2%
Magic:  5/5        EV:  7    Int:  9    God:
Gold:   44         SH: 13    Dex: 12    Spells: 4/4 levels left

rFire   . . .      SeeInvis .   a - +0 long sword
rCold   . . .      Faith    .   m - +0 tower shield
rNeg    . . .      Spirit   .   l - +2 leather armour {rPois}
rPois   +          Reflect  .   (no helmet)
rElec   .          Harm     .   i - +0 cloak
rCorr   .          Rampage  .   (no gloves)
Will    .....                   (no boots)
Stlth   +.........              (no amulet)
HPRegen 0.00/turn               (no ring)
MPRegen 0.09/turn               (no ring)

@: no status effects
A: damage resistance, heal wounds, sense surroundings 1, no regeneration
a: Heal Wounds


You were on level 3 of the Dungeon.
You visited 1 branch of the dungeon, and saw 3 of its levels.

You collected 44 gold pieces.

Inventory:

Hand Weapons
 a - a +0 long sword (weapon)
Missiles
 j - 17 poisoned darts (quivered)
Armour
 i - a +0 cloak (worn)
 l - a +2 leather armour of poison resistance (worn)
 m - a +0 tower shield (worn)
Scrolls
 b - a scroll of torment {unknown}
 c - 2 scrolls of blinking {unknown}
 e - a scroll of fear {unknown}
 g - 2 scrolls of teleportation {unknown}
 k - a scroll of vulnerability {unknown}
Potions
 d - 2 potions of might
 f - a potion of invisibility {unknown}
 h - a potion of attraction {unknown}


   Skills:
 - Level 2.6 Fighting
 + Level 3.9 Long Blades
 - Level 3.2 Armour
 + Level 5.0 Shields


You had 4 spell levels left.
You didn't know any spells.
Your spell library contained the following spells:

 Spells                   Type           Power      Damage    Failure   Level
 Corpse Rot               Necr/Air       N/A        N/A       100%        2
 Poisonous Vapours        Pois/Air       0%         N/A       100%        2
 Freezing Cloud           Conj/Ice/Air   0%         6-21      100%        5


Dungeon Overview and Level Annotations

Branches:
Dungeon (3/15)

Altars:


Innate Abilities, Weirdness & Mutations

You are resistant to damage.
You can heal yourself by infusing magical energy.
You passively map a small area around you.
You do not regenerate.


Message History

You closely miss the adder. You block the adder's attack. x2
You closely miss the adder. You block the adder's attack.
The adder barely misses you.
You barely miss the adder. You block the adder's attack.
The adder bites you but does no damage.
You closely miss the adder. The adder bites you. x2
You hit the adder.
The adder is heavily wounded.
The adder bites you.
* * * LOW HITPOINT WARNING * * *
You are poisoned.
The adder poisons you! The adder bites you but does no damage.
You closely miss the adder.
The adder is heavily wounded.
You block the adder's attack. The adder barely misses you.
You riposte.
You closely miss the adder.
The adder is heavily wounded.
You miss the adder.
The adder is heavily wounded.
You are no longer poisoned.
The adder bites you but does no damage. You block the adder's attack.
You barely miss the adder.
The adder is heavily wounded.
The adder bites you. You block the adder's attack.
You closely miss the adder.
The adder is heavily wounded.
The adder barely misses you. x2
You closely miss the adder.
The adder is heavily wounded.
You block the adder's attack. The adder barely misses you.
You riposte.
Your shield and leather armour prevent you from hitting the adder.
The adder is heavily wounded.
You closely miss the adder.
The adder is heavily wounded.
The adder bites you but does no damage. The adder bites you.
* * * LOW HITPOINT WARNING * * *
You slash the adder!
You kill the adder!
The iguana bites you!
You die...

* * ### #.., , ,
#.# * * ** #.#
#.# * *#### #@#
, , ,)... #l# *
* , .....*#.# *
*
,#...##.######.#
*
###.............
,
#...##..<.......
###.....########
#......#
#?..#...... , ,


You could see an iguana.

Vanquished Creatures
  An ogre (D:2)
  2 adders
  2 dart slugs
  4 ball pythons
  2 bats
  5 endoplasms
  A giant cockroach (D:1)
  5 goblins
  3 hobgoblins (D:1)
  3 jackals (D:1)
  9 kobolds
  2 frilled lizards (D:1)
  4 rats
43 creatures vanquished.

Vanquished Creatures (others)
  3 plants (D:1)
3 creatures vanquished.

Grand Total: 46 creatures vanquished

Notes
Turn   | Place    | Note
-------+----------+-------------------------------------------
     0 | D:1      | siradein the Deep Dwarf Fighter began the quest for the
                  | Orb.
     0 | D:1      | Reached XP level 1. HP: 20/20 MP: 1/1
    90 | D:1      | Reached XP level 2. HP: 20/27 MP: 2/2
   166 | D:1      | Found a faded altar of an unknown god.
   344 | D:1      | Reached skill level 4 in Shields
   484 | D:1      | Reached XP level 3. HP: 19/33 MP: 3/3
   939 | D:2      | Noticed an ogre
   964 | D:2      | Killed an ogre
   965 | D:2      | Reached skill level 5 in Shields
   965 | D:2      | Reached XP level 4. HP: 13/40 MP: 4/4
  1035 | D:2      | Reached XP level 5. HP: 15/46 MP: 5/5
  1758 | D:3      | Slain by an iguana

Illustrated notes

Levels and vault maps discovered:
D:1:      evilmike_arrival_hilbert_curve, layout_basic,
          shapermc_ecumenical_altar_petra, lexackson_kobold_supper
D:2:      layout_basic, minmay_hexomino_u4
D:3:      layout_loops_ring, serial_shops, nicolae_square_shop, nrook_uturn,
          minmay_between

Skill      XL: |  1  2  3 |
---------------+----------+-----
Shields        | 4 5 |  5.0
Long Blades    | 3 |  3.9
Fighting       | |  2.6
Armour         | |  3.2

Action                   |  1- 3 |  4- 6 || total
-------------------------+-------+-------++-------
Melee: Long sword        |    84 |    35 ||   119
Throw: Dart              |     3 |       ||     3
Armor: Scale mail        |    44 |     8 ||    52
       Leather armour    |       |     9 ||     9
Dodge: Dodged            |    36 |    12 ||    48
Block: Kite shield       |    45 |     5 ||    50
       Tower shield      |       |    15 ||    15
       Rpst.: Long sword |    12 |     3 ||    15

Table legend: (Time is in decaauts)
 A = Elapsed time spent in this place.
 B = Non-inter-level travel time spent in this place.
 C = Inter-level travel time spent in this place.
 D = Time resting spent in this place.
 E = Time spent auto-exploring this place.
 F = Levels seen in this place.
 G = Mean time per level.
                   A        B        C        D        E       F      G
               +--------+--------+--------+--------+--------+-----+--------+
         Total |   1818 |   1767 |     51 |      0 |   1295 |   3 |  606.0 |
       Dungeon |   1818 |   1767 |     51 |      0 |   1295 |   3 |  606.0 |
               +--------+--------+--------+--------+--------+-----+--------+

Top non-repeatable levels by time:
     D:2: 940 daAuts
     D:1: 848 daAuts
     D:3: 29 daAuts
